 Dungeon Crawl Stone Soup version 0.28.0-43-g3370ac3207 (webtiles) character file.

Game seed: 17992787669294539129

1489 H0rd4k the Thaumaturge (level 8, -2/42 HPs)
             Began as a Deep Elf Hedge Wizard on Mar 14, 2022.
             Was an Initiate of Gozag.
             Slain by an unseen horror (4 damage)
             ... on level 7 of the Dungeon on Mar 15, 2022.
             The game lasted 00:11:20 (9103 turns).

H0rd4k the Thaumaturge (Deep Elf Hedge Wizard)      Turns: 9103, Time: 00:11:21

Health: -2/42      AC:  3    Str:  7    XL:     8   Next: 51%
Magic:  20/23      EV: 13    Int: 31    God:    Gozag
Gold:   179        SH:  0    Dex: 18    Spells: 16/25 levels left

rFire   . . .      SeeInvis .   o - +0 dagger (drain)
rCold   . . .      Faith    .   j - orb {light}
rNeg    + . .      Spirit   .   f - +1 robe of Nihilism {+Blink Int+3 Dex+4}
rPois   .          Reflect  .   c - +0 hat
rElec   .          Harm     .   (no cloak)
rCorr   .          Rampage  .   (no gloves)
Will    .....                   (no boots)
Stlth   +.........              (no amulet)
HPRegen 0.14/turn               t - ring of positive energy
MPRegen 0.18/turn               r - +6 ring of intelligence

@: brilliant, about to teleport, weak-willed, glowing
A: no striking features
a: Renounce Religion, Evoke Blink, Potion Petition, Call Merchant, Bribe Branch


You were on level 7 of the Dungeon.
You worshipped Gozag.
Gozag was aware of your devotion.
You visited 2 branches of the dungeon, and saw 8 of its levels.

You collected 236 gold pieces.
You paid 57 gold pieces to Gozag.

Inventory:

Hand Weapons
 o - a +0 dagger of draining (weapon)
Armour
 b - a +0 robe
 c - a +0 hat (worn)
 f - the +1 robe of Nihilism (worn) {+Blink Int+3 Dex+4}
   (You found it on level 5 of the Dungeon)

   Int:       It affects your intelligence (+3).
   Dex:       It affects your dexterity (+4).
   +Blink:    It lets you blink.
 j - an orb of light (worn)
Jewellery
 n - a +6 ring of strength
 r - a +6 ring of intelligence (right hand)
 t - a ring of positive energy (left hand)
 w - a ring of fire
 D - a ring of ice
Wands
 A - a wand of flame (17)
Scrolls
 d - 2 scrolls of fog
 h - 5 scrolls of identify
 y - a scroll of amnesia {unknown}
 C - a scroll of immolation {unknown}
Potions
 a - a potion of might {unknown}
 e - 2 potions of flight
 g - a potion of brilliance
 i - a potion of haste {unknown}
 k - a potion of ambrosia {unknown}
 l - 2 potions of heal wounds {unknown}
 m - 4 potions of degeneration {unknown}
 q - a potion of magic {unknown}
 v - a potion of mutation {unknown}
 z - a potion of experience {unknown}


   Skills:
 + Level 0.7 Fighting
 + Level 3.0 Dodging
 - Level 2.4 Stealth
 + Level 9.0 Spellcasting
 + Level 4.8 Conjurations
 + Level 1.1 Summonings
 + Level 1.6 Translocations
 * Level 4.8 Fire Magic
 * Level 3.7 Air Magic
 * Level 4.0 Poison Magic


You had 16 spell levels left.
You knew the following spells:

 Your Spells              Type           Power      Damage    Failure   Level
a - Magic Dart            Conj           100%       1d8       1%          1
b - Blink                 Tloc           72%        N/A       2%          2
c - Conjure Flame         Conj/Fire      60%        6-21      1%          3
d - Mephitic Cloud        Conj/Pois/Air  56%        N/A       1%          3

Your spell library contained the following spells:

 Spells                   Type           Power      Damage    Failure   Level
 Freeze                   Ice            80%        1d9       3%          1
 Slow                     Hex            80%        N/A       3%          1
 Call Imp                 Summ           31%        N/A       3%          2
 Ignite Poison            Fire/Tmut/Pois 48%        N/A       3%          3
 Sublimation of Blood     Necr           20%        N/A       5%          2
 Gell's Gravitas          Tloc           36%        N/A       5%          3
 Teleport Other           Tloc           36%        N/A       5%          3
 Frozen Ramparts          Ice            40%        1d6       11%         3
 Hailstorm                Conj/Ice       43%        3d10      14%         4
 Freezing Cloud           Conj/Ice/Air   23%        6-21      30%         5
 Petrify                  Tmut/Erth      20%        N/A       34%         4
 Irradiate                Conj/Tmut      21%        3d20      36%         5
 Metabolic Englaciation   Hex/Ice        10%        N/A       69%         5
 Dispersal                Tloc           18%        N/A       95%         6
 Statue Form              Tmut/Erth      13%        N/A       99%         6


Dungeon Overview and Level Annotations

Branches:
Dungeon (7/15)             Temple (1/1) D:6

Altars:
Gozag
Makhleb
Nemelex Xobeh
Trog

Annotations:
D:2 exclusion: 2 downstairs
D:3 exclusion: downstairs
D:5 exclusion: 2 downstairs


Message History

Cast which spell? (? or * to list)
You blink.
Casting: Blink (safe; 2% risk of failure)
Confirm with . or Enter, or press ? or * to list all spells.
You are still too unstable to blink.
As you read the scroll labelled YCSAESEPREN, it crumbles to dust.
It is a scroll of identify.
e - 2 potions of flight The unseen horror barely misses you.
The unseen horror hits you.
As you read the scroll labelled FIESAT YDGHUY, it crumbles to dust.
The scroll dissolves into smoke.
It was a scroll of fog.
The unseen horror hits you!
* * * LOW HITPOINT WARNING * * *
The unseen horror hits you.
* * * LOW HITPOINT WARNING * * *
It was a potion of brilliance.
You feel clever all of a sudden.
The unseen horror hits you but does no damage.
As you read the scroll labelled GECEYW ATAZOP, it crumbles to dust.
Magic quickly surges around you.
It was a scroll of vulnerability.
You feel stable enough to blink again. The unseen horror misses you.
As you read the scroll labelled EMUSHRANELLE, it crumbles to dust.
You feel aware of your surroundings.
You sensed 1 altar.
It was a scroll of magic mapping.
The unseen horror barely misses you. The unseen horror hits you.
* * * LOW HITPOINT WARNING * * *
As you read the scroll labelled URASEVAMMU, it crumbles to dust.
You hear a loud clanging noise!
It was a scroll of noise.
The unseen horror hits you.
* * * LOW HITPOINT WARNING * * *
As you read the scroll labelled FEODIE MUCEO, it crumbles to dust.
You feel strangely unstable.
It was a scroll of teleportation.
The unseen horror hits you but does no damage.
Casting: Blink (safe; 2% risk of failure)
Confirm with . or Enter, or press ? or * to list all spells.
You don't know that spell.
The unseen horror hits you.
You die...
Your body crumbles into a pile of gold.

,*....#....#.........#
,*#(..#....#..##.....#
,*#...#....#..##.....#
,*#...#....#..#########
,,+...#....#..#.......#
**#...'....#..#.......#
..#####....#+##§§§§...#
...........#..#§§§§...#
...........#..#§@§§...#
...........#..#§x§§...#
...........#.##§§§§...#
#########'##.#..§§#####
,,...........#....#
,,...........#....#
,,##...##....#....#
,,*######....#....#
,,,#.........#....#


You could see an unseen horror (invisible, weak-willed).

Vanquished Creatures
  An orc warrior (D:7)
  A sky beast (D:6)
  A necrophage (D:5)
  2 ogres
  A centaur (D:6)
  2 phantoms
  A kobold brigand (D:6)
  2 scorpions
  A wyvern zombie (D:7)
  A water moccasin zombie (D:5)
  2 water moccasin skeletons
  2 orc priests
  2 hounds
  2 orc wizards (D:4)
  2 iguanas (D:6)
  2 howler monkey zombies
  5 adders
  A worm (D:4)
  2 dart slugs
  25 orcs
  7 ball pythons
  10 bats
  8 endoplasms
  2 giant cockroaches (D:1)
  9 hobgoblins
  3 jackals (D:3)
  3 quokkas
  A frilled lizard (D:1)
  3 goblins
  14 kobolds
  9 rats
127 creatures vanquished.

Vanquished Creatures (others)
  10 plants (D:4)
10 creatures vanquished.

Grand Total: 137 creatures vanquished

Notes
Turn   | Place    | Note
-------+----------+-------------------------------------------
     0 | D:1      | H0rd4k the Deep Elf Hedge Wizard began the quest for the
                  | Orb.
     0 | D:1      | Reached XP level 1. HP: 10/10 MP: 7/7
   402 | D:1      | Reached skill level 5 in Spellcasting
   402 | D:1      | Reached XP level 2. HP: 15/15 MP: 8/10
  1355 | D:2      | Reached XP level 3. HP: 19/19 MP: 7/12
  1358 | D:2      | Learned a level 2 spell: Blink
  1362 | D:2      | Learned a level 3 spell: Conjure Flame
  1366 | D:2      | Learned a level 3 spell: Mephitic Cloud
  1469 | D:2      | Found a faded altar of an unknown god.
  1726 | D:2      | Reached skill level 6 in Spellcasting
  2446 | D:3      | Reached skill level 1 in Air Magic
  2446 | D:3      | Reached XP level 4. HP: 6/24 MP: 0/14
  3853 | D:4      | Reached XP level 5. HP: 22/28 MP: 2/15
  3965 | D:4      | Reached skill level 1 in Poison Magic
  4133 | D:4      | Reached skill level 1 in Fire Magic
  4466 | D:4      | Noticed a phantom
  4499 | D:4      | Killed a phantom
  4500 | D:4      | Reached XP level 6. HP: 32/32 MP: 0/17
  5026 | D:4      | Reached skill level 7 in Spellcasting
  5554 | D:4      | Reached XP level 7. HP: 37/37 MP: 8/19
  6043 | D:5      | Entered Level 5 of the Dungeon
  7235 | D:5      | Identified the +1 robe of Nihilism {+Blink Int+3 Dex+4}
  7371 | D:6      | Reached skill level 8 in Spellcasting
  7746 | D:6      | Reached XP level 8. HP: 42/42 MP: 17/22
  8322 | D:6      | Found a staircase to the Ecumenical Temple.
  8667 | Temple   | Entered the Ecumenical Temple
  8708 | Temple   | Became a worshipper of Gozag Ym Sagoz the Greedy
  8875 | D:7      | Reached skill level 9 in Spellcasting
  9087 | D:7      | Noticed an unseen horror
  9101 | D:7      | HP: 1/42 [unseen horror (5)]
  9103 | D:7      | Slain by an unseen horror

Illustrated notes

Levels and vault maps discovered:
D:1:      scummos_arrival_star, layout_loops_ring
D:2:      layout_rooms, ebering_ecumenical_altar_rust
D:3:      layout_basic
D:4:      kennysheep_six_static_rooms, layout_loops_ring, columned_hall_lemuel,
          serial_bayou_pond_c
D:5:      layout_basic
D:6:      layout_gridville, temple_fountains
D:7:      layout_gridville, lemuel_round_altar, minivault_27
Temple:   mainiacjoe_temple_hex_bubbles

Skill      XL: |  1  2  3  4  5  6  7  8 |
---------------+-------------------------+-----
Spellcasting   | 5 6 7 8 9 |  9.0
Air Magic      | 1 2 3 |  3.7
Conjurations   | 2 3 4 |  4.8
Poison Magic   | 1 2 3 4 |  4.0
Fire Magic     | 1 2 3 4 |  4.8
Dodging        | 3 |  3.0
Fighting       | |  0.7
Stealth        | |  2.4
Summonings     | |  1.1
Translocations | |  1.6

Action                   |  1- 3 |  4- 6 |  7- 9 || total
-------------------------+-------+-------+-------++-------
Melee: Dagger            |       |     3 |       ||     3
 Cast: Magic Dart        |   108 |   143 |   157 ||   408
       Conjure Flame     |     1 |     7 |    13 ||    21
       Mephitic Cloud    |       |     4 |     8 ||    12
       Blink             |       |       |     9 ||     9
Evoke: Wand              |       |       |     3 ||     3
  Use: Potion            |     1 |       |     3 ||     4
       Scroll            |       |       |     6 ||     6
Armor: Robe              |     4 |     2 |     9 ||    15
Dodge: Dodged            |    32 |    15 |    31 ||    78
